 Dungeon Crawl Stone Soup version 0.28-a0-697-g47f3eba078 (webtiles) character file.

Game seed: 6092047346338435586

7 Gargoyl the Skirmisher (level 2, -4/29 HPs)
             Began as a Gnoll Abyssal Knight on Oct 23, 2021.
             Was a Follower of Lugonu.
             Slain by a small abomination (20 damage)
             ... on level 1 of the Abyss.
             The game lasted 00:00:19 (323 turns).

Gargoyl the Skirmisher (Gnoll Abyssal Knight)        Turns: 323, Time: 00:00:20

Health: -4/29      AC:  3    Str: 12    XL:     2   Next: 4%
Magic:  5/5        EV: 12    Int:  9    God:    Lugonu [*.....]
Gold:   24         SH:  0    Dex: 12    Spells: 1/1 levels left

rFire   . . .      SeeInvis .   a - +1 hand axe
rCold   . . .      Faith    .   (no shield)
rNeg    . . .      Spirit   .   b - +0 leather armour
rPois   .          Reflect  .   (no helmet)
rElec   .          Harm     .   (no cloak)
rCorr   .          Rampage  .   (no gloves)
Will    .....                   (no boots)
Stlth   +.........              (no amulet)
HPRegen 0.09/turn               (no ring)
MPRegen 0.09/turn               (no ring)

@: no status effects
A: fangs 1, strong nose, distributed training
a: Renounce Religion, Depart the Abyss


You were on level 1 of the Abyss.
You worshipped Lugonu.
Lugonu was aware of your devotion.
You visited 0 branches of the dungeon, and saw 0 of its levels.
You visited the Abyss 1 time.

You collected 24 gold pieces.

Inventory:

Hand Weapons
 a - a +1 hand axe (weapon)
Armour
 b - a +0 leather armour (worn)


   Skills:
 + Level 6.4 Fighting
 + Level 0.2 Short Blades
 + Level 0.2 Long Blades
 + Level 4.4 Axes
 + Level 0.2 Maces & Flails
 + Level 0.2 Polearms
 + Level 0.2 Staves
 + Level 0.2 Slings
 + Level 0.2 Bows
 + Level 0.2 Crossbows
 + Level 0.2 Throwing
 + Level 4.4 Armour
 + Level 2.4 Dodging
 + Level 0.2 Stealth
 + Level 0.2 Shields
 + Level 0.2 Unarmed Combat
 + Level 0.2 Spellcasting
 + Level 0.1 Conjurations
 + Level 0.1 Hexes
 + Level 0.1 Summonings
 + Level 0.1 Necromancy
 + Level 0.1 Translocations
 + Level 0.1 Transmutations
 + Level 0.1 Fire Magic
 + Level 0.1 Ice Magic
 + Level 0.1 Air Magic
 + Level 0.1 Earth Magic
 + Level 0.1 Poison Magic
 + Level 4.4 Invocations
 + Level 0.2 Evocations


You had one spell level left.
You didn't know any spells.
Your spell library was empty.

Dungeon Overview and Level Annotations

Branches:
Dungeon (0/15)

Altars:


Innate Abilities, Weirdness & Mutations

You have very sharp teeth.
Your uncanny sense of smell can sniff out nearby items.
Your experience applies equally to all skills.


Message History

You hit the shadow imp.
You bite the shadow imp, but do no damage.
The shadow imp is moderately wounded.
The shadow imp barely misses you.
You barely miss the shadow imp.
The shadow imp is moderately wounded.
The shadow imp barely misses you.
You hit the shadow imp but do no damage.
You bite the shadow imp, but do no damage.
The shadow imp is moderately wounded.
The shadow imp hits you but does no damage.
You closely miss the shadow imp.
The shadow imp is moderately wounded.
The shadow imp misses you.
You hit the shadow imp.
The shadow imp is heavily wounded.
The shadow imp hits you.
You slash the shadow imp!
You kill the shadow imp!
You have reached level 2!
Unknown command.
Unknown command.
HP restored.
Found a gateway leading out of the Abyss.
Found a radiant altar of Vehumet.
Found a gateway leading out of the Abyss.
A small abomination comes into view.
You open the door.
There is an open door here.
Found a gateway leading deeper into the Abyss.
The small abomination barely misses you.
You open the door. The small abomination hits you!
Found a hand axe.
There is an open door here.
You see here a +0 hand axe.
The small abomination misses you. The small abomination hits you.
The small abomination hits you!!
Ouch! That really hurt!
You die...

# #.# ∆ .# #...+
. .# ##...# ....
+#....# .....#
##....# ∆ #..
..###.....#
#...... ....#####
#...#.....#'...##
.....###@x...#
###'#####.....#
##.∩ # .#.....# ∆
#.#.....# ##...##
#. ....#.######
#.#.......#... #
#. # ...###.#.#.#
. ### ##. ..# # #
.. .#..## .#


You could see a small abomination.

Vanquished Creatures
  A shadow imp (Abyss:1)
1 creature vanquished.

Notes
Turn   | Place    | Note
-------+----------+-------------------------------------------
     0 | Abyss:1  | Gargoyl the Gnoll Abyssal Knight began the quest for the
                  | Orb.
     0 | Abyss:1  | Reached XP level 1. HP: 23/23 MP: 3/3
    20 | Abyss:1  | Reached XP level 2. HP: 10/29 MP: 5/5
   228 | Abyss:1  | Found a corrupted altar of Lugonu.
   269 | Abyss:1  | Found a radiant altar of Vehumet.
   303 | Abyss:1  | Noticed a small abomination
   323 | Abyss:1  | Slain by a small abomination

Illustrated notes

Levels and vault maps discovered:
Abyss:1:  base: Temple, hangedman_abyss_or_decor_stagger, minivault_28, base:
Temple

Action                   || total
-------------------------++-------
Melee: Hand axe          ||     8
       Bite              ||     3
Armor: Leather armour    ||     1
Dodge: Dodged            ||     5

Table legend: (Time is in decaauts)
 A = Elapsed time spent in this place.
 B = Non-inter-level travel time spent in this place.
 C = Inter-level travel time spent in this place.
 D = Time resting spent in this place.
 E = Time spent auto-exploring this place.
 F = Levels seen in this place.
 G = Mean time per level.
                   A        B        C        D        E       F      G
               +--------+--------+--------+--------+--------+-----+--------+
         Total |    323 |    323 |      0 |      0 |    290 |   1 |  323.0 |
         Abyss |    323 |    323 |      0 |      0 |    290 |   1 |  323.0 |
               +--------+--------+--------+--------+--------+-----+--------+

Top non-repeatable levels by time:
 Abyss:1: 323 daAuts
